[Event "January 2 Early 2024"]
[Site "https://www.chess.com"]
[Date "2024.01.02"]
[Round "5"]
[White "Tifferet, Shakked"]
[Black "Bartel, Mateusz"]
[Result "0-1"]
[Board "62"]
[TimeControl "180+1"]
[WhiteFideId "2811529"]
[BlackFideId "1112635"]
[WhiteElo "2539"]
[BlackElo "2800"]
[WhiteTeam "ISR"]
[BlackTeam "POL"]
[WhiteClock "0:00:01"]
[BlackClock "0:00:17"]

1. e4 e5 2. Nf3 d6 3. Nc3 Nf6 4. d4 exd4 5. Nxd4 Be7 6. Bc4 O-O 7. O-O Nc6 8. Nxc6 bxc6 9. Bb3 Nd7 10. Be3 Bf6 11. Bd4 Bxd4 12. Qxd4 Qf6 13. Qxf6 Nxf6 14. f4 Nd7 15. Rfe1 Re8 16. Rad1 Rb8 17. Kf2 Kf8 18. Rd2 Nc5 19. Rde2 a5 20. Na4 Nd7 21. Bc4 Nb6 22. Nxb6 cxb6 23. a4 Be6 24. Bd3 Bd7 25. h3 Rbd8 26. g4 f6 27. Bc4 Re7 28. Re3 Rde8 29. R1e2 d5 30. exd5 cxd5 31. Rxe7 Rxe7 32. Rxe7 Kxe7 33. Bb3 Kd6 34. Ke3 Kc5 35. c3 b5 36. axb5 Bxb5 37. Bc2 h6 38. h4 g5 39. fxg5 fxg5 40. hxg5 hxg5 41. Bd3 Bd7 42. Be2 Be8 43. Bf3 Kc4 44. Bd1 Bd7 45. Bf3 Kb3 46. Bxd5+ Kxb2 47. Kd4 Bxg4 48. Ke5 Bc8 49. Kf6 g4 50. Kg5 a4 51. Kf4 a3 52. Kg3 a2 53. Bxa2 Kxa2 54. c4 Kb3 55. c5 Kc4 56. c6 Kc5 57. c7 Kd6 0-1

[Event "January 2 Early 2024"]
[Site "https://www.chess.com"]
[Date "2024.01.02"]
[Round "5"]
[White "Gabrielian, Artur"]
[Black "Bodnar, Nikolay"]
[Result "1-0"]
[Board "63"]
[TimeControl "180+1"]
[WhiteFideId "4131002"]
[BlackFideId "14106469"]
[WhiteElo "2798"]
[BlackElo "2534"]
[WhiteTeam "RUS"]
[BlackTeam "UKR"]
[WhiteClock "0:00:57"]
[BlackClock "0:00:36"]

1. e4 c5 2. Nf3 Nc6 3. Bb5 Qb6 4. Nc3 e6 5. O-O Nge7 6. Re1 a6 7. Bxc6 Nxc6 8. b3 Be7 9. Bb2 O-O 10. Nd5 exd5 11. exd5 Qd8 12. dxc6 dxc6 13. Ne5 Bf6 14. Re3 Re8 15. Qh5 g6 16. Qe2 Bf5 17. Re1 Qd5 18. Ng4 Bxb2 19. Rxe8+ Rxe8 20. Qxe8+ Kg7 21. Ne3 Qxd2 22. Nxf5+ gxf5 23. Qe2 Qd5 24. c4 Qd4 25. Rd1 Qf6 26. Rd7 b5 27. g3 Bd4 28. Kg2 Kg6 29. Qe7 Qxe7 30. Rxe7 b4 31. Rc7 Kf6 32. Rxc6+ Ke5 33. Kf3 1-0

[Event "January 2 Early 2024"]
[Site "https://www.chess.com"]
[Date "2024.01.02"]
[Round "5"]
[White "Przybylski, Wojciech"]
[Black "Novozhilov, Semen"]
[Result "1-0"]
[Board "64"]
[TimeControl "180+1"]
[WhiteFideId "1117599"]
[BlackFideId "24289167"]
[WhiteElo "2526"]
[BlackElo "2767"]
[WhiteTeam "POL"]
[BlackTeam "RUS"]
[WhiteClock "0:00:08"]
[BlackClock "0:00:19"]

1. e4 c5 2. Nf3 Nc6 3. Bb5 g6 4. O-O Bg7 5. Re1 Nf6 6. c3 O-O 7. h3 e5 8. d3 d6 9. Bg5 h6 10. Be3 Be6 11. Nbd2 a6 12. Bxc6 bxc6 13. b3 Qe7 14. Nf1 Rfd8 15. Qc2 Ne8 16. N3d2 d5 17. f3 f5 18. f4 fxe4 19. dxe4 d4 20. Bf2 exf4 21. cxd4 cxd4 22. Qxc6 Rac8 23. Qxa6 d3 24. Rac1 Bc3 25. Red1 Bf7 26. Nc4 Bg7 27. e5 Nc7 28. Qa7 Nd5 29. Qxe7 Nxe7 30. Bb6 Rd5 31. Bf2 g5 32. Nfd2 Bh5 33. Re1 Be2 34. a4 Ng6 35. Nb6 Rxc1 36. Rxc1 Rxe5 37. Rc8+ Kh7 38. Rc7 h5 39. b4 Bd1 40. a5 g4 41. hxg4 hxg4 42. Rxg7+ Kh6 43. Nbc4 Re2 44. Rxg6+ Kxg6 45. g3 fxg3 46. Bxg3 Re6 47. b5 Bf3 48. a6 Re2 49. b6 Re7 50. Nxf3 gxf3 51. b7 d2 52. Nxd2 f2+ 53. Kxf2 Rf7+ 54. Nf3 Re7 55. b8=Q 1-0

[Event "January 2 Early 2024"]
[Site "https://www.chess.com"]
[Date "2024.01.02"]
[Round "5"]
[White "Manukyan, Artyom"]
[Black "Kosteniuk, Alexandra"]
[Result "1-0"]
[Board "65"]
[TimeControl "180+1"]
[WhiteFideId "13305786"]
[BlackFideId "4128125"]
[WhiteElo "2524"]
[BlackElo "2766"]
[WhiteTeam "ARM"]
[BlackTeam "SUI"]
[WhiteClock "0:00:04"]
[BlackClock "0:00:00"]

1. e4 c6 2. d4 d5 3. exd5 cxd5 4. Bd3 Nc6 5. c3 Nf6 6. Bf4 g6 7. Nd2 Bf5 8. Be2 Bg7 9. h3 O-O 10. Ngf3 h6 11. O-O g5 12. Bg3 Bg6 13. Re1 Ne4 14. Nxe4 dxe4 15. Nd2 f5 16. f4 gxf4 17. Bxf4 e5 18. dxe5 Qb6+ 19. Kh1 Qxb2 20. Rb1 Qxc3 21. Rxb7 Nxe5 22. Nb1 Qc5 23. Qb3+ Kh8 24. Qg3 Qc6 25. Rxg7 Kxg7 26. Bxe5+ Kh7 27. Qf4 Rae8 28. Rc1 Qd5 29. Bb2 Qxa2 30. Qd2 e3 31. Qd4 Qf7 32. Nc3 Rb8 33. Ba1 Rbd8 34. Qxe3 f4 35. Qf3 Rfe8 36. Bf1 Re3 37. Qc6 f3 38. gxf3 Rxf3 39. Bg2 Rf6 40. Qb7 Rd7 41. Qa8 Qg8 42. Ne4 Rff7 43. Qxg8+ Kxg8 44. Nf6+ Rxf6 45. Bxf6 Kf7 46. Ba1 Bf5 47. Rf1 Kg6 48. h4 h5 49. Rxf5 Rd1+ 50. Rf1 Rd2 51. Kg1 a5 52. Rb1 Rd6 53. Bc3 Ra6 54. Bf1 1-0

[Event "January 2 Early 2024"]
[Site "https://www.chess.com"]
[Date "2024.01.02"]
[Round "5"]
[White "Wagner, Dennis"]
[Black "Vallejo Diaz, Javier"]
[Result "1-0"]
[Board "66"]
[TimeControl "180+1"]
[WhiteFideId "24650684"]
[BlackFideId "2256398"]
[WhiteElo "2751"]
[BlackElo "2498"]
[WhiteTeam "GER"]
[BlackTeam "ESP"]
[WhiteClock "0:00:59"]
[BlackClock "0:00:17"]

1. e4 c5 2. Nf3 e6 3. c3 Nf6 4. Bd3 d5 5. e5 Nfd7 6. Bc2 Nc6 7. d4 b6 8. O-O g6 9. a3 a5 10. Bg5 Be7 11. Bxe7 Qxe7 12. Re1 O-O 13. h4 Ba6 14. h5 Rfc8 15. Qd2 Nf8 16. h6 Rc7 17. Ba4 b5 18. Bd1 cxd4 19. cxd4 b4 20. Qf4 Bd3 21. Nbd2 Rac8 22. Ba4 Na7 23. axb4 axb4 24. Nh2 Bf5 25. Ndf1 Nc6 26. Bxc6 Rxc6 27. Ne3 Be4 28. Nhg4 Nd7 29. Ra7 R6c7 30. Rxc7 Rxc7 31. Ra1 Qd8 32. Nf6+ Nxf6 33. Qxf6 Qxf6 34. Ra8+ Rc8 35. Rxc8+ 1-0

[Event "January 2 Early 2024"]
[Site "https://www.chess.com"]
[Date "2024.01.02"]
[Round "5"]
[White "Oganian, Miran"]
[Black "Fiedorek, Michal"]
[Result "1-0"]
[Board "67"]
[TimeControl "180+1"]
[WhiteFideId "4122488"]
[BlackFideId "1199528"]
[WhiteElo "2741"]
[BlackElo "2495"]
[WhiteTeam "RUS"]
[BlackTeam "POL"]
[WhiteClock "0:02:19"]
[BlackClock "0:01:20"]

1. e4 c5 2. Nf3 d6 3. Bb5+ Nd7 4. d4 cxd4 5. Qxd4 a6 6. Bxd7+ Bxd7 7. c4 Nf6 8. Nc3 e5 9. Qd3 h6 10. O-O Rc8 11. Nd2 Qc7 12. b3 b5 13. Rd1 Be7 14. Bb2 b4 15. Ne2 Bc6 16. Ng3 Qb7 17. f3 Bd7 18. Ndf1 O-O 19. Ne3 g6 20. Kh1 h5 21. Rf1 h4 22. Ne2 Nh5 23. Nd5 Bg5 24. f4 exf4 25. Nexf4 Nxf4 26. Rxf4 f5 27. Qd4 1-0

[Event "January 2 Early 2024"]
[Site "https://www.chess.com"]
[Date "2024.01.02"]
[Round "5"]
[White "Goltsev, Dmitry"]
[Black "Borda Rodas, Anapaola S."]
[Result "1-0"]
[Board "68"]
[TimeControl "180+1"]
[WhiteFideId "24176710"]
[BlackFideId "152781"]
[WhiteElo "2737"]
[BlackElo "2478"]
[WhiteTeam "RUS"]
[BlackTeam "ARG"]
[WhiteClock "0:00:06"]
[BlackClock "0:00:23"]

1. e4 e5 2. Nf3 Nc6 3. Bb5 a6 4. Ba4 Nf6 5. O-O b5 6. Bb3 Bc5 7. Nxe5 Nxe5 8. d4 Bxd4 9. Qxd4 d6 10. c3 O-O 11. Bg5 c5 12. Qd1 Bb7 13. Nd2 c4 14. Bc2 h6 15. Bh4 Ng6 16. Bg3 Re8 17. f3 d5 18. exd5 Bxd5 19. a4 Qb6+ 20. Kh1 Rad8 21. axb5 axb5 22. Qc1 Ne5 23. Ne4 Bxe4 24. fxe4 Nd3 25. Bxd3 Rxd3 26. Qf4 Rxe4 27. Ra8+ Rd8 28. Qf2 Rxa8 29. Qxb6 Nh5 30. Qxb5 Nxg3+ 31. hxg3 Rae8 32. Qd5 R8e6 33. Qd8+ Kh7 34. Rxf7 Re1+ 35. Kh2 R6e5 36. Rf4 Rh5+ 37. Rh4 Rg5 38. Qc7 Kg8 39. Qxc4+ Kh8 40. Qf4 Kh7 41. Qf3 Ree5 42. Qd3+ Ref5 43. c4 Kg8 44. b4 Rf1 45. Qxf1 Rf5 46. Qxf5 1-0

[Event "January 2 Early 2024"]
[Site "https://www.chess.com"]
[Date "2024.01.02"]
[Round "5"]
[White "Harshavardhan G B"]
[Black "Aadit Bhatia"]
[Result "1-0"]
[Board "69"]
[TimeControl "180+1"]
[WhiteFideId "25059009"]
[BlackFideId "25088955"]
[WhiteElo "2708"]
[BlackElo "2430"]
[WhiteTeam "IND"]
[BlackTeam "IND"]
[WhiteClock "0:00:20"]
[BlackClock "0:00:08"]

1. d4 Nf6 2. c4 g6 3. Nc3 Bg7 4. e4 d6 5. Nf3 O-O 6. Be2 Nbd7 7. Nd2 e5 8. d5 c5 9. Nb3 Ne8 10. g4 Bf6 11. Bh6 Ng7 12. Qd2 Be7 13. O-O-O Bh4 14. Rdf1 f6 15. Kb1 Bg5 16. Bxg5 fxg5 17. Nc1 a6 18. h4 gxh4 19. g5 Rf4 20. Nd3 Qxg5 21. Rfg1 Qf6 22. Bg4 g5 23. Nxf4 exf4 24. Be6+ Kh8 25. e5 Nxe5 26. Bxc8 Rxc8 27. Ne4 Qg6 28. Qc2 Nf3 29. Rg2 Nd4 30. Qd3 Re8 31. f3 h6 32. Rxh4 Ngf5 33. Rh1 Ne3 34. Rxg5 Qh7 35. Rgh5 Nef5 36. a3 Ng3 37. Rxh6 Nxh1 38. Rxh7+ Kxh7 39. Nf6+ Kh6 40. Nxe8 Nf2 41. Qf1 Nxf3 42. Qxf2 Ne5 43. Qxf4+ Kg6 44. Nxd6 Nd3 45. Qf5+ 1-0

[Event "January 2 Early 2024"]
[Site "https://www.chess.com"]
[Date "2024.01.02"]
[Round "5"]
[White "Manolache, Marius"]
[Black "Filippova, Margarita"]
[Result "0-1"]
[Board "70"]
[TimeControl "180+1"]
[WhiteFideId "1201530"]
[BlackFideId "34199680"]
[WhiteElo "2694"]
[BlackElo "2320"]
[WhiteTeam "ROU"]
[BlackTeam "RUS"]
[WhiteClock "0:00:07"]
[BlackClock "0:00:14"]

1. d4 d5 2. c4 e6 3. Nc3 Nf6 4. cxd5 exd5 5. Bg5 Be7 6. e3 c6 7. Qc2 h6 8. Bh4 O-O 9. Bd3 Re8 10. f3 Nbd7 11. Nge2 c5 12. O-O cxd4 13. exd4 Nb6 14. Rad1 a6 15. Kh1 Nh5 16. Bf2 Qd6 17. Rfe1 Bd7 18. Bh7+ Kh8 19. Bf5 Rac8 20. Ng3 Nf6 21. Qb3 Rc7 22. Bxd7 Rxd7 23. Nf5 Qc6 24. Rc1 Nc4 25. g4 b5 26. Qc2 Ng8 27. b3 Nd6 28. Nxd6 Qxd6 29. Qf5 Red8 30. Bg3 Qc6 31. Ne4 Qg6 32. Qxg6 fxg6 33. Nc5 Bxc5 34. dxc5 Nf6 35. c6 Rf7 36. Re6 Rc8 37. c7 Kh7 38. Rxa6 Rd7 39. Kg2 Ne8 40. Rac6 d4 41. R6c5 d3 42. Rxb5 d2 43. Rd1 Nxc7 44. Rc5 Nd5 45. Rxc8 Ne3+ 46. Kh3 Nxd1 47. Bf4 Nf2+ 48. Kg3 d1=Q 49. Kxf2 Qd4+ 50. Be3 Qd5 51. Rc2 Rf7 52. f4 Qe4 53. Rc4 Qd3 54. a4 Qxb3 55. Rd4 Qc2+ 56. Kf3 Re7 57. a5 Qc3 58. Re4 Rxe4 59. Kxe4 Qxa5 60. f5 Qa4+ 61. Kf3 gxf5 62. gxf5 Kg8 63. Bf4 Kf7 64. Be5 Qb5 65. Ke4 Qc6+ 66. Kf4 Qc4+ 67. Kf3 Qd5+ 68. Kf4 g6 69. fxg6+ Kxg6 70. h4 Qf7+ 71. Ke4 Qf5+ 72. Kd4 h5 73. Kd5 Qg4 74. Kd6 Kf5 75. Kd5 Qxh4 0-1

[Event "January 2 Early 2024"]
[Site "https://www.chess.com"]
[Date "2024.01.02"]
[Round "5"]
[White "Buscar, Michael"]
[Black "Hansen, Sune Berg"]
[Result "0-1"]
[Board "71"]
[TimeControl "180+1"]
[WhiteFideId "2603616"]
[BlackFideId "1400266"]
[WhiteElo "2357"]
[BlackElo "2657"]
[WhiteTeam "CAN"]
[BlackTeam "DEN"]
[WhiteClock "0:00:10"]
[BlackClock "0:00:41"]

1. d4 Nf6 2. c4 g6 3. Nc3 Bg7 4. e4 d6 5. Nf3 Nbd7 6. Be2 e5 7. d5 Nc5 8. Qc2 a5 9. O-O O-O 10. Ne1 Nfd7 11. Be3 f5 12. f3 f4 13. Bf2 g5 14. Nd3 Nxd3 15. Bxd3 h5 16. Qe2 b6 17. g4 fxg3 18. hxg3 Nc5 19. Bxc5 bxc5 20. Nd1 g4 21. f4 exf4 22. gxf4 Bd4+ 23. Kh1 Bd7 24. f5 Qg5 25. Nf2 Rae8 26. Qc2 Be5 27. Kg2 Qf4 28. Rh1 Qf3+ 29. Kf1 g3 30. Qe2 g2+ 31. Kg1 gxh1=Q+ 32. Nxh1 Bd4+ 0-1

[Event "January 2 Early 2024"]
[Site "https://www.chess.com"]
[Date "2024.01.02"]
[Round "5"]
[White "knightmareprodigy"]
[Black "Bartel, Michal"]
[Result "0-1"]
[Board "72"]
[TimeControl "180+1"]
[BlackFideId "1119257"]
[WhiteElo "2312"]
[BlackElo "2652"]
[BlackTeam "POL"]
[WhiteClock "0:00:40"]
[BlackClock "0:01:21"]

1. e4 e5 2. Nf3 Nc6 3. Bc4 Nf6 4. d3 h6 5. O-O g6 6. Re1 Bg7 7. c3 O-O 8. a4 d6 9. a5 a6 10. Nbd2 Re8 11. Bb3 d5 12. exd5 Nxd5 13. Nc4 Kh7 14. Ne3 Nxe3 15. Bxe3 Be6 16. Bxe6 Rxe6 17. Qb3 Rb8 18. h3 Qd7 19. d4 exd4 20. Nxd4 Nxd4 21. Bxd4 Bxd4 22. cxd4 Rxe1+ 23. Rxe1 Kg7 24. d5 Qd6 25. Qc3+ Kh7 26. Qf3 Kg8 27. Qe4 Rd8 28. Qe7 Qxe7 29. Rxe7 Rxd5 30. Rxc7 Rb5 31. Rxb7 Rxb7 0-1

[Event "January 2 Early 2024"]
[Site "https://www.chess.com"]
[Date "2024.01.02"]
[Round "5"]
[White "Rose, Felix"]
[Black "Papasimakopoulos, Alexandros"]
[Result "0-1"]
[Board "73"]
[TimeControl "180+1"]
[WhiteFideId "5105722"]
[BlackFideId "4244125"]
[WhiteElo "2209"]
[BlackElo "2642"]
[WhiteTeam "MEX"]
[BlackTeam "GRE"]
[WhiteClock "0:00:12"]
[BlackClock "0:00:53"]

1. e4 e6 2. d4 d5 3. Nc3 Bb4 4. exd5 exd5 5. Bd3 Nc6 6. Ne2 Nge7 7. O-O Bf5 8. a3 Bxc3 9. bxc3 O-O 10. Rb1 b6 11. Ng3 Bg6 12. Ba6 Na5 13. f4 f5 14. Re1 Nc4 15. Bxc4 dxc4 16. Qe2 Nd5 17. Qxc4 Bf7 18. Qd3 Bg6 19. Re5 Qd7 20. Bd2 Nf6 21. Nxf5 Ng4 22. Ne7+ Kh8 23. Nxg6+ hxg6 24. Qh3+ Kg8 25. Rg5 Nf6 26. Qxd7 Nxd7 27. Rxg6 Rae8 28. Re1 Nf6 29. Re5 Kf7 30. Reg5 Rg8 31. Re5 Kxg6 32. f5+ Kf7 33. Bg5 Rxe5 0-1

[Event "January 2 Early 2024"]
[Site "https://www.chess.com"]
[Date "2024.01.02"]
[Round "5"]
[White "Stojanovski, Sandi"]
[Black "Ilamparthi A R"]
[Result "0-1"]
[Board "75"]
[TimeControl "180+1"]
[WhiteFideId "1403249"]
[BlackFideId "45015775"]
[WhiteElo "2501"]
[BlackElo "2825"]
[WhiteTeam "DEN"]
[BlackTeam "IND"]
[WhiteClock "0:00:00"]
[BlackClock "0:00:21"]

1. d3 d5 2. Nf3 Nf6 3. g3 g6 4. Bg2 Bg7 5. O-O O-O 6. c4 c6 7. cxd5 cxd5 8. Nc3 Nc6 9. Bf4 d4 10. Na4 Nd5 11. Bd2 b6 12. Qb3 e6 13. Rfc1 Bd7 14. Bg5 Qe8 15. Qd1 Ncb4 16. b3 Bxa4 17. bxa4 Nc3 18. Qe1 Rc8 19. a3 Nbd5 20. Bd2 Qxa4 21. Ng5 h6 22. Ne4 Nxe4 23. Bxe4 Nc3 24. Bxc3 dxc3 25. e3 Rc7 26. d4 Rfc8 27. Bc2 Qc4 28. a4 Bf8 29. Qf1 Qd5 30. h4 h5 31. Qd3 a5 32. Rcb1 Bb4 33. Rf1 Kg7 34. Rad1 Rd8 35. Qb5 Qxb5 36. axb5 Rd5 37. Ba4 e5 38. dxe5 Rxe5 39. Rd3 c2 40. Rc1 Rec5 41. Kf1 Rc4 0-1

[Event "January 2 Early 2024"]
[Site "https://www.chess.com"]
[Date "2024.01.02"]
[Round "5"]
[White "Ladan, Nicholas"]
[Black "Dragun, Kamil"]
[Result "0-1"]
[Board "76"]
[TimeControl "180+1"]
[WhiteFideId "30918855"]
[BlackFideId "1134167"]
[WhiteElo "2497"]
[BlackElo "2778"]
[WhiteTeam "USA"]
[BlackTeam "POL"]
[WhiteClock "0:00:00"]
[BlackClock "0:00:45"]

1. d4 d5 2. Nf3 Nf6 3. g3 Bf5 4. Bg2 e6 5. O-O Be7 6. c4 c6 7. Qb3 Qb6 8. Nc3 O-O 9. c5 Qxb3 10. axb3 Nbd7 11. b4 a6 12. Nh4 Bc2 13. Bd2 h6 14. h3 e5 15. Rfc1 Bh7 16. dxe5 Nxe5 17. Nf3 Nc4 18. b3 Nxd2 19. Nxd2 d4 20. Na4 Rad8 21. Nb6 Rfe8 22. Nbc4 Nd5 23. Na5 Nxb4 24. Nxb7 Rb8 25. Nd6 Bxd6 26. cxd6 Rxe2 27. Nc4 Bc2 28. Bf3 Re6 29. Bg4 Ree8 30. d7 Red8 31. Re1 f5 32. Re7 fxg4 33. Rae1 Nd5 34. Re8+ Kh7 35. hxg4 d3 36. R1e5 Nf6 37. R8e7 Rxd7 38. g5 Rxe7 39. Rxe7 hxg5 0-1

[Event "January 2 Early 2024"]
[Site "https://www.chess.com"]
[Date "2024.01.02"]
[Round "5"]
[White "Lebedev, Artem S."]
[Black "Korchmar, Vasiliy"]
[Result "1-0"]
[Board "77"]
[TimeControl "180+1"]
[WhiteFideId "34272747"]
[BlackFideId "24131750"]
[WhiteElo "2492"]
[BlackElo "2760"]
[WhiteTeam "RUS"]
[BlackTeam "RUS"]
[WhiteClock "0:00:02"]
[BlackClock "0:00:00"]

1. e4 c5 2. Nf3 d6 3. d3 Nc6 4. g3 g6 5. Bg2 Bg7 6. c3 e5 7. O-O Nge7 8. Nbd2 O-O 9. a4 h6 10. Nc4 Be6 11. h3 Qd7 12. Kh2 f5 13. exf5 gxf5 14. Nh4 d5 15. Na3 e4 16. d4 cxd4 17. cxd4 Nxd4 18. Qh5 Bf7 19. Qd1 Nec6 20. Nb5 Nxb5 21. axb5 Ne5 22. Be3 Nd3 23. f3 Be6 24. fxe4 fxe4 25. Qh5 Bf7 26. Qf5 Qxf5 27. Nxf5 Bxb2 28. Nxh6+ Kg7 29. Rab1 Be6 30. Rfd1 Be5 31. Ng4 Bxg4 32. hxg4 Rac8 33. Bxa7 Rc2 34. Rf1 Rh8+ 35. Kg1 Bxg3 36. Bd4+ Be5 37. Bxe5+ Nxe5 38. Rf5 Nc4 39. Rbf1 Rxg2+ 40. Kxg2 Ne3+ 41. Kg3 Nxf1+ 42. Rxf1 d4 43. Rc1 Rf8 44. Rc7+ Kg6 45. Rxb7 d3 46. Rb6+ Kg5 47. Rd6 Re8 48. Rd5+ Kg6 49. Kf2 e3+ 50. Ke1 d2+ 51. Ke2 Rf8 52. Kxe3 1-0

[Event "January 2 Early 2024"]
[Site "https://www.chess.com"]
[Date "2024.01.02"]
[Round "5"]
[White "Garcia Ramos, Daniel"]
[Black "Shishkov, Andrei"]
[Result "1-0"]
[Board "78"]
[TimeControl "180+1"]
[WhiteFideId "32010311"]
[BlackFideId "4500563"]
[WhiteElo "2755"]
[BlackElo "2492"]
[WhiteTeam "ESP"]
[BlackTeam "EST"]
[WhiteClock "0:02:01"]
[BlackClock "0:00:06"]

1. b3 e5 2. Bb2 Nc6 3. Nf3 Nf6 4. Nxe5 Nxe5 5. Bxe5 Be7 6. Bb2 O-O 7. g3 d5 8. Bg2 Re8 9. O-O Bg4 10. h3 Bh5 11. d4 Bb4 12. Bf3 Bxf3 13. exf3 Qe7 14. c3 Bd6 15. Nd2 Qe2 16. Re1 Qd3 17. Rxe8+ Rxe8 18. Nf1 Qe2 19. Rb1 h5 20. h4 a5 21. Kg2 c6 22. Qxe2 Rxe2 23. Ne3 g6 24. Kf1 Rd2 25. Ke1 Rd3 26. Ke2 1-0

[Event "January 2 Early 2024"]
[Site "https://www.chess.com"]
[Date "2024.01.02"]
[Round "5"]
[White "Mekhane, Adam"]
[Black "Bardyk, Artem"]
[Result "1-0"]
[Board "79"]
[TimeControl "180+1"]
[WhiteFideId "36050601"]
[BlackFideId "34349979"]
[WhiteElo "2492"]
[BlackElo "2744"]
[WhiteTeam "FRA"]
[BlackTeam "RUS"]
[WhiteClock "0:00:56"]
[BlackClock "0:00:00"]

1. e4 e5 2. Nf3 Nc6 3. Bc4 Nf6 4. d3 Bc5 5. a4 d6 6. O-O h6 7. Be3 Bb6 8. c3 O-O 9. b4 Bxe3 10. fxe3 a5 11. b5 Ne7 12. Bb3 Ng6 13. Nbd2 c6 14. Qc2 cxb5 15. axb5 Qb6 16. Nc4 Qxb5 17. Nxd6 Qc5 18. Nc4 Qc7 19. d4 exd4 20. exd4 Be6 21. d5 Bg4 22. Kh1 Bxf3 23. Rxf3 Ne5 24. Rxf6 gxf6 25. Ne3 Ng6 26. Rf1 Ra6 27. Nf5 Rc8 28. Qd2 Qc5 29. d6 Rxd6 30. Qxh6 1-0

[Event "January 2 Early 2024"]
[Site "https://www.chess.com"]
[Date "2024.01.02"]
[Round "5"]
[White "Garcia Almaguer, Juan Manuel"]
[Black "Liyanage, Ranindu Dilshan"]
[Result "1-0"]
[Board "80"]
[TimeControl "180+1"]
[WhiteFideId "5110491"]
[BlackFideId "9915834"]
[WhiteElo "2490"]
[BlackElo "2723"]
[WhiteTeam "MEX"]
[BlackTeam "SRI"]
[WhiteClock "0:00:27"]
[BlackClock "0:00:00"]

1. e4 e5 2. Nf3 Nc6 3. Bc4 Nf6 4. Ng5 d5 5. exd5 Na5 6. Bb5+ c6 7. dxc6 bxc6 8. Bd3 Ng4 9. Ne4 f5 10. Be2 h5 11. h3 fxe4 12. hxg4 Bc5 13. b4 Bxf2+ 14. Kxf2 Qd4+ 15. Kg3 O-O 16. Rf1 Rxf1 17. Qxf1 Qxa1 18. Nc3 Be6 19. bxa5 Rf8 20. Qd1 e3 21. Ba3 Qxd1 22. Nxd1 Rd8 23. d3 hxg4 24. Nxe3 Bxa2 25. Bc5 a6 26. Nxg4 Re8 27. c4 e4 28. d4 Rb8 29. Bb6 Rf8 30. Ne5 Bb1 31. c5 e3 32. Bc4+ Kh7 33. Ng4 Re8 34. Kf3 Be4+ 35. Ke2 Bxg2 36. Nxe3 Bh3 37. Bxa6 g5 38. Kf3 Rf8+ 39. Kg3 Bd7 40. d5 Re8 41. Bd3+ Kh6 42. Nf5+ Bxf5 43. Bxf5 cxd5 44. c6 Re1 45. c7 1-0

[Event "January 2 Early 2024"]
[Site "https://www.chess.com"]
[Date "2024.01.02"]
[Round "5"]
[White "Korpics, Zsolt"]
[Black "Rakitin, Daniil"]
[Result "1/2-1/2"]
[Board "81"]
[TimeControl "180+1"]
[WhiteFideId "705241"]
[BlackFideId "24219762"]
[WhiteElo "2488"]
[BlackElo "2717"]
[WhiteTeam "HUN"]
[BlackTeam "RUS"]
[WhiteClock "0:00:07"]
[BlackClock "0:00:11"]

1. e4 c5 2. Nf3 Nc6 3. d4 cxd4 4. Nxd4 Nf6 5. Nc3 d6 6. Bg5 e6 7. Qd2 a6 8. O-O-O Be7 9. Kb1 Bd7 10. f4 Rc8 11. Be2 h6 12. Bh4 Qc7 13. Nb3 b5 14. a3 O-O 15. g4 Nxe4 16. Nxe4 Bxh4 17. Nxd6 Rcd8 18. Qe3 Bc8 19. Nxc8 Rxc8 20. Bd3 Be7 21. g5 h5 22. g6 e5 23. Qh3 fxg6 24. Bxg6 Rxf4 25. Qxh5 Rh4 26. Qf5 Bf6 27. Rd7 Qb8 28. Qe6+ Kh8 29. Rhd1 Nd4 30. Qd5 Nxb3 31. cxb3 Rf8 32. Rf7 Rxf7 33. Qxf7 Qg8 34. Qxg8+ Kxg8 35. Rc1 Kf8 36. Rc8+ Ke7 37. Re8+ Kd6 38. Ra8 Rxh2 39. Rxa6+ Kc5 40. b4+ Kd4 41. Rd6+ Ke3 42. Rd5 e4 43. Rxb5 Rxb2+ 44. Kc1 Ra2 45. Rc5 Kd3 46. Rd5+ Kc4 47. Rd7 e3 48. Bf7+ Kc3 49. Bxa2 e2 50. Rd1 exd1=Q+ 51. Kxd1 Kb2 52. Bf7 Kxa3 53. b5 Bd4 54. b6 Bxb6 55. Ke2 Bd8 56. Kf3 Bf6 57. Kg4 Kb4 58. Kf5 Kc5 59. Kg6 Kd6 60. Bg8 Ke5 61. Ba2 Kd6 62. Bb1 Ke7 63. Bc2 Kf8 64. Bd3 1/2-1/2

[Event "January 2 Early 2024"]
[Site "https://www.chess.com"]
[Date "2024.01.02"]
[Round "5"]
[White "Gritsenko, Nikolai"]
[Black "Gryshko, Vitalii"]
[Result "1-0"]
[Board "82"]
[TimeControl "180+1"]
[WhiteFideId "14112493"]
[BlackFideId "14174286"]
[WhiteElo "2679"]
[BlackElo "2487"]
[WhiteTeam "UKR"]
[BlackTeam "UKR"]
[WhiteClock "0:01:39"]
[BlackClock "0:01:53"]

1. e4 e5 2. Nf3 Nc6 3. Bb5 a6 4. Bxc6 dxc6 5. d4 exd4 6. Qxd4 Qxd4 7. Nxd4 Bc5 8. Be3 Nf6 9. f3 O-O 10. Nc3 Bb4 11. Ne2 Be6 12. a3 Ba5 13. O-O-O Rfd8 14. Na4 Bc4 15. Nec3 b5 16. b4 bxa4 17. bxa5 Bb5 18. Rxd8+ Rxd8 19. Bf4 Ne8 20. Rd1 Rxd1+ 21. Nxd1 Nd6 22. Ne3 Kf8 23. Bxd6+ cxd6 24. c4 1-0

[Event "January 2 Early 2024"]
[Site "https://www.chess.com"]
[Date "2024.01.02"]
[Round "5"]
[White "Spitzl, Vinzent"]
[Black "Rozman, Levy"]
[Result "1/2-1/2"]
[Board "83"]
[TimeControl "180+1"]
[WhiteFideId "12901253"]
[BlackFideId "2039877"]
[WhiteElo "2484"]
[BlackElo "2670"]
[WhiteTeam "GER"]
[BlackTeam "USA"]
[WhiteClock "0:00:07"]
[BlackClock "0:00:20"]

1. e4 d5 2. exd5 Qxd5 3. Nf3 Nf6 4. d4 Bg4 5. Be2 Nc6 6. c4 Qa5+ 7. Bd2 Qb6 8. Bc3 Ne4 9. O-O Nxc3 10. Nxc3 O-O-O 11. Nd5 Qa5 12. a3 Rxd5 13. b4 Rxd4 14. Nxd4 Bxe2 15. Nxc6 Bxd1 16. bxa5 Be2 17. Rfe1 Bxc4 18. Rac1 Bd5 19. Nxa7+ Kb8 20. Nb5 c6 21. Nc3 e6 22. Nxd5 cxd5 23. Rb1 Ka7 24. Rb3 Bd6 25. Reb1 Rb8 26. g3 Bc7 27. Kf1 Ka6 28. Ke2 Bxa5 29. Kd3 b5 30. Rc1 Bb6 31. Rcb1 Bc5 32. f3 f5 33. h3 e5 34. g4 e4+ 35. fxe4 fxe4+ 36. Ke2 d4 37. a4 d3+ 38. Kd2 b4 39. Rc1 Kb6 40. Rc4 e3+ 41. Kxd3 Rd8+ 42. Ke2 Rd2+ 43. Ke1 Kc6 44. Rbxb4 Kd6 45. Rxc5 Kxc5 46. Re4 Rd3 47. Ke2 Ra3 48. Rxe3 Rxa4 49. Re7 Ra2+ 50. Kf3 Ra3+ 51. Kg2 Ra2+ 52. Kg3 Ra3+ 53. Kh4 g5+ 54. Kxg5 Rxh3 55. Kf5 Kd6 56. Re1 Kd7 57. Kf6 Rf3+ 58. Kg5 Rh3 59. Kf5 Kd6 60. Kf4 Kd5 61. g5 Kd6 62. Kf5 Kd7 63. Kf6 Rh2 64. Kg7 Kd6 65. Kf6 Rf2+ 66. Kg7 Rh2 67. Rf1 Ke6 68. Rf6+ Ke5 69. Rh6 Rg2 70. Kxh7 Rxg5 71. Rg6 Rh5+ 72. Rh6 Rf5 73. Rg6 Kf4 74. Kh6 Rc5 75. Kg7 Kf5 76. Rf6+ Ke5 77. Rf7 Rc6 78. Re7+ Kf5 79. Rf7+ Kg5 80. Re7 Rg6+ 81. Kf7 Rh6 82. Re5+ Kf4 83. Re6 Rh7+ 84. Kf6 Ra7 85. Re7 Ra6+ 86. Re6 Ra5 87. Kf7 Rf5+ 88. Ke7 Rb5 89. Rf6+ Ke5 90. Re6+ Kd5 91. Rd6+ Kc5 92. Re6 Rb7+ 93. Kf6 Kd5 94. Re5+ Kd4 95. Re6 Rh7 96. Re7 Rh6+ 97. Kf7 Kd5 98. Rd7+ Ke5 99. Re7+ Kf5 100. Ke8 Kf6 101. Kd7 Rh1 102. Re6+ Kf5 103. Re7 Rd1+ 104. Kc7 Kf6 105. Rd7 Rc1+ 106. Kb6 Ke6 107. Rd2 Ke5 108. Re2+ Kd4 109. Rd2+ Kc3 110. Rd6 Kb4 111. Rc6 Re1 112. Kc7 Re7+ 113. Kd6 Rh7 114. Rc2 Kb3 115. Rc7 Rh6+ 116. Ke5 Kb4 117. Kd5 Rh5+ 118. Ke4 Rh4+ 119. Ke5 Rh5+ 120. Ke4 Rh4+ 1/2-1/2